 Dungeon Crawl Stone Soup version 0.25-a0-413-g3b4b6a4ccc (webtiles) character file.

Game seed: 10071765601956277464, levelgen mode: deterministic

38 ChaosChampion the Skirmisher (level 3, 0/29 HPs)
             Began as a Demonspawn Chaos Knight on Jan 17, 2020.
             Was a Plaything of Xom.
             Slain by an adder (3 damage)
             ... on level 2 of the Dungeon.
             The game lasted 00:02:53 (659 turns).

ChaosChampion the Skirmisher (DsCK)                  Turns: 659, Time: 00:02:54

Health: 0/29       AC:  6    Str: 12    XL:     3   Next: 25%
Magic:  3/3        EV: 11    Int: 13    God:    Xom [..*...]
Gold:   75         SH:  0    Dex: 13    Spells: 2/2 levels left

rFire    . . .     SeeInvis .   a - +0 spear (chaos)
rCold    . . .     Gourm    .   (no shield)
rNeg     . . .     Faith    .   b - +3 leather armour
rPois    .         Spirit   .   (no helmet)
rElec    .         Reflect  .   (no cloak)
rCorr    .         Harm     .   (no gloves)
MR       .....                  (no boots)
Stlth    +.........             (no amulet)
HPRegen  0.09/turn              (no ring)
MPRegen  0.08/turn              (no ring)

@: lethally poisoned (0 -> -10)
A: powered by death 2
a: Renounce Religion


You were on level 2 of the Dungeon.
You worshipped Xom.
You were a toy of Xom.
You were not hungry.

You visited 1 branch of the dungeon, and saw 2 of its levels.

You collected 75 gold pieces.

Inventory:

Hand Weapons
 a - a +0 spear of chaos (weapon)
Armour
 b - a +3 leather armour (worn)
 h - a +0 scale mail
Scrolls
 d - 2 scrolls of identify
 e - a scroll of enchant armour
 g - a scroll of enchant weapon {unknown}
 j - a scroll of remove curse {unknown}
Comestibles
 c - 3 rations


   Skills:
 + Level 3.6 Fighting
 + Level 2.6 Polearms
 * Level 2.1 Armour
 * Level 1.2 Dodging
 * Level 1.3 Unarmed Combat


You had 2 spell levels left.
You didn't know any spells.
Your spell library was empty.

Dungeon Overview and Level Annotations

Branches:
Dungeon (2/15)

Altars:


Innate Abilities, Weirdness & Mutations

You regenerate health from kills.


Message History

Okay, then.
It was a potion of curing.
You feel better. The adder bites you but does no damage. The adder bites you.
You are poisoned.
The adder poisons you!
You barely miss the adder.
The adder is moderately wounded.
You feel sick. The adder barely misses you. The adder misses you.
You hit the adder.
The adder is heavily wounded.
The adder bites you.
* * * LOW HITPOINT WARNING * * *
You are more poisoned.
The adder poisons you! The adder closely misses you.
You hit the adder.
The adder flickers and vanishes!
Deactivating autopickup; reactivate with Ctrl-A.
* * * LOW HITPOINT WARNING * * *
You feel sick. Something bites you.
You die... "This toy is broken."

*,* *, , , #.##.#.## *,*
, , .##...#.#.# * *, ,
........#.## ,*
,,..#####..## ,,, * ,
,,........# ,*####*
***########†# *
*.*#...## #......#.# ,
..., #{## ##.####.#.# ,
* ,#..##@###.......#.# ,
*,*#.......†...†##.#.#
,**.....###.##..#.##.#.#
*,**.##. #.##..#......#
,***,#,** .###.......###
,,,, **.# #.#####.# ** *
.# #.. ,,..# *##
###**####


There were no monsters in sight!

Vanquished Creatures
  An adder (D:2)
  2 dart slugs
  2 giant cockroaches
  3 hobgoblins
  A quokka (D:2)
  6 bats
  3 frilled lizards (D:2)
  8 kobolds (D:1)
  2 rats (D:2)
28 creatures vanquished.

Notes
Turn   | Place    | Note
-------+----------+-------------------------------------------
     0 | D:1      | ChaosChampion the Demonspawn Chaos Knight began the quest
                  | for the Orb.
     0 | D:1      | Reached XP level 1. HP: 18/18 MP: 1/1
    45 | D:1      | Reached skill level 1 in Dodging
    72 | D:1      | XOM: divination: magic mapping
    90 | D:1      | XOM: harmless Tloc miscast
   182 | D:1      | Gained mutation: You regenerate a little health from kills.
                  | [demonic ancestry]
   182 | D:1      | Reached XP level 2. HP: 18/24 MP: 2/2
   392 | D:1      | XOM: harmless Tmut miscast
   612 | D:2      | Reached skill level 1 in Unarmed Combat
   612 | D:2      | Gained mutation: You regenerate health from kills. [demonic
                  | ancestry]
   612 | D:2      | Reached XP level 3. HP: 29/29 MP: 3/3
   655 | D:2      | XOM: divination: magic mapping
   659 | D:2      | Slain by an adder

Levels and vault maps discovered:
D:1:      saegor_arrival_simple_c, layout_rooms, minmay_misc_feat_square,
          minmay_misc_feat_more_columns, minmay_misc_feat_secret_circle,
          kennysheep_nondescript, skrybe_limestone_x, minmay_domino_2
D:2:      layout_loops_cross

Skill      XL: |  1  2 |
---------------+-------+-----
Dodging        | 1 |  1.2
Armour         | 2 |  2.1
Unarmed Combat | 1 |  1.3
Fighting       | |  3.6
Polearms       | |  2.6

Action                   || total
-------------------------++-------
Melee: Spear             ||    83
       Punch             ||     1
  Use: Scroll            ||     3
       Potion            ||     1
 Stab: Paralysed         ||     1
Armor: Leather armour    ||    24
Dodge: Dodged            ||    39

Table legend:
 A = Non-vault XP
 B = Vault XP
 C = Vault XP percentage of total XP
 D = Non-vault monster count
 E = Vault monster count
 F = Vault count percentage of total count
                 A         B        C        D         E       F
            +---------+---------+-------+---------+---------+-------
      Total |      53 |       2 |   3.6 |      27 |       1 |   3.6
            +---------+---------+-------+---------+---------+-------
        D:1 |      22 |       2 |   8.3 |      14 |       1 |   6.7
        D:2 |      31 |       0 |   0.0 |      13 |       0 |   0.0
            +---------+---------+-------+---------+---------+-------
